 Dungeon Crawl Stone Soup version 0.29.1-12-g30fa7ad0bf (webtiles) character file.

Game seed: 9052164539280783969

468 MisterFreud the Twirler (level 7, 0/51 HPs)
             Began as a Formicid Gladiator on Jan 5, 2023.
             Was a Follower of Yredelemnul.
             Slain by a two-headed ogre
             ... wielding a +0 giant spiked club
              (7 damage)
             ... on level 5 of the Dungeon.
             The game lasted 00:04:20 (5618 turns).

MisterFreud the Twirler (Formicid Gladiator)        Turns: 5618, Time: 00:04:21

Health: 0/51       AC:  9    Str: 21    XL:     7   Next: 30%
Magic:  7/7        EV: 11    Int:  7    God:    Yredelemnul [*.....]
Gold:   430        SH:  0    Dex: 21    Spells: 6/6 levels left

rFire   . . .      SeeInvis +   a - +0 quarterstaff
rCold   . . .      Faith    .   (no shield)
rNeg    . . .      Spirit   .   n - +1 scale mail {rPois}
rPois   +          Reflect  .   (helmet unavailable)
rElec   .          Harm     .   (no cloak)
rCorr   +          Rampage  .   (no gloves)
Will    .....                   t - +0 pair of boots
Stlth   ..........              (no amulet)
HPRegen 0.17/turn               j - +6 ring of dexterity
MPRegen 0.10/turn               h - ring of resist corrosion

@: no status effects
A: permanent stasis, dig shafts and tunnels, antennae 3, four strong arms
a: Dig, Shaft Self, Renounce Religion, Recall Undead Harvest


You were on level 5 of the Dungeon.
You worshipped Yredelemnul.
Yredelemnul was noncommittal.
You visited 2 branches of the dungeon, and saw 6 of its levels.

You collected 430 gold pieces.

Inventory:

Hand Weapons
 a - a +0 quarterstaff (weapon)
Missiles
 c - 3 throwing nets (quivered)
 d - a javelin
 i - 7 poisoned darts
Armour
 b - a +0 leather armour
 n - a +1 scale mail of poison resistance (worn)
 t - a +0 pair of boots (worn)
Jewellery
 g - a ring of protection from cold
 h - a ring of resist corrosion (right hand)
 j - a +6 ring of dexterity (left hand)
 l - a ring of magical power
Wands
 o - a wand of flame (16)
Scrolls
 e - 3 scrolls of fear
 m - a scroll of identify
 q - a scroll of noise {unknown}
Potions
 f - a potion of heal wounds
 k - 2 potions of lignification
 p - a potion of berserk rage {unknown}
 r - 3 potions of curing {unknown}
 s - a potion of brilliance {unknown}


   Skills:
 + Level 2.6 Fighting
 - Level 6.0 Staves
 - Level 2.0 Throwing
 - Level 5.0 Armour
 - Level 2.6 Dodging


You had 6 spell levels left.
You didn't know any spells.
Your spell library contained the following spells:

 Spells                   Type           Power      Damage    Failure   Level
 Dazzling Flash           Conj/Hex       0%         N/A       98%         3
 Tukima's Dance           Hex            0%         N/A       98%         3
 Passage of Golubria      Tloc           0%         N/A       100%        4
 Agony                    Necr           0%         N/A       100%        5
 Silence                  Hex/Air        0%         N/A       100%        5
 Yara's Violent Unravell  Hex/Tmut       0%         3d3       100%        5
 Lehudib's Crystal Spear  Conj/Erth      0%         10d2      100%        8


Dungeon Overview and Level Annotations

Branches:
Dungeon (5/15)             Temple (1/1) D:4

Altars:
Elyvilon
Hepliaklqana
Makhleb
Nemelex Xobeh
Okawaru
Ru
Vehumet
Wu Jian
Yredelemnul
The Shining One

Shops:
D:1 :


Innate Abilities, Weirdness & Mutations

You cannot be hasted, slowed, berserked, paralysed or teleported.
You can dig through walls and to a lower floor.
You have a pair of large antennae on your head. (SInv)
Your four strong arms can wield two-handed weapons with a shield.


Message History

The worm completely misses your hound zombie.
Your hound zombie bites the worm.
There are monsters nearby!
You sock the worm!
You kill the worm!
The dead are slithering!
Your hound zombie barely misses the two-headed ogre.
You sock the two-headed ogre!
The two-headed ogre is moderately wounded.
Your hound zombie bites the two-headed ogre.
The two-headed ogre misses you.
The two-headed ogre hits you with a +0 giant spiked club!
You hit the two-headed ogre.
The two-headed ogre is moderately wounded.
Your hound zombie bites the two-headed ogre. x2
The two-headed ogre misses you.
The two-headed ogre hits you with a +0 giant spiked club!!
You hear an angry hiss.
You barely miss the two-headed ogre.
The two-headed ogre is moderately wounded.
An iguana comes into view.
Your hound zombie barely misses the two-headed ogre.
Your worm zombie bites the two-headed ogre.
Unknown command.
You swap places.
Your hound zombie bites the two-headed ogre but does no damage.
The two-headed ogre hits your adder zombie with a +0 giant spiked club!!
Your adder zombie is destroyed!
Are you sure you want to shaft yourself?
Your hound zombie bites the two-headed ogre but does no damage.
Your worm zombie bites the two-headed ogre but does no damage.
You begin to dig a shaft.
You continue digging a shaft.
Your hound zombie bites the two-headed ogre.
The iguana bites your hound zombie!
Your hound zombie bites the two-headed ogre but does no damage.
The two-headed ogre hits you with a +0 giant spiked club!!
* * * LOW HITPOINT WARNING * * *
The two-headed ogre hits you with a +0 giant spiked club!
You die...
Your body rises from the dead as a mindless zombie.

.............#.........#
##
.......##....#.........#
########
....#.........#######
#......
...#....#'##........
.......
...#....#..+........
....... #
#+#....#..#........
####### #..
#....####........
#....######..#....####
.......O@.'..'....#
.?...ZlZ..#..#....#
##...######..#....# ###
####....... #........
#........ #>.......
######...


You could see a two-headed ogre (ally target), an iguana, a friendly hound
zombie and a friendly worm zombie.

Vanquished Creatures
  2 scorpions (D:5)
  2 jellies
  2 hounds
  An iguana (D:5)
  6 gnolls
  3 adders
  A worm (D:5)
  11 orcs
  5 ball pythons
  11 endoplasms
  4 giant cockroaches
  8 goblins
  4 hobgoblins
  13 jackals
  3 kobolds
  2 quokkas
  5 bats
  2 frilled lizards
  4 rats
89 creatures vanquished.

Vanquished Creatures (collateral kills)
  2 adders
  A ball python (D:4)
3 creatures vanquished.

Vanquished Creatures (others)
  An adder zombie (D:5)
  5 plants (D:3)
6 creatures vanquished.

Grand Total: 98 creatures vanquished

Notes
Turn   | Place    | Note
-------+----------+-------------------------------------------
     0 | D:1      | MisterFreud the Formicid Gladiator began the quest for the
                  | Orb.
     0 | D:1      | Reached XP level 1. HP: 16/16 MP: 1/1
   324 | D:1      | Found Duoseschi's Book Shoppe.
   382 | D:1      | Reached XP level 2. HP: 20/22 MP: 2/2
   680 | D:1      | Reached skill level 4 in Staves
   680 | D:1      | Reached XP level 3. HP: 24/27 MP: 3/3
  1244 | D:3      | HP: 1/27 [gnoll/+0 whip (6)]
  1248 | D:3      | Reached XP level 4. HP: 2/33 MP: 4/4
  1706 | D:2      | Reached skill level 5 in Staves
  2455 | D:3      | Reached XP level 5. HP: 24/38 MP: 5/5
  2913 | D:3      | Found a burning altar of Makhleb.
  3399 | D:4      | Found a staircase to the Ecumenical Temple.
  3592 | D:4      | Reached skill level 1 in Armour
  3670 | Temple   | Entered the Ecumenical Temple
  3787 | Temple   | Became a worshipper of Yredelemnul the Dark
  3898 | D:4      | Reached * piety under Yredelemnul
  3930 | D:4      | Reached XP level 6. HP: 44/44 MP: 6/6
  4000 | D:4      | Found a glowing golden altar of the Shining One.
  4059 | D:4      | Reached skill level 6 in Staves
  4082 | D:4      | Reached ** piety under Yredelemnul
  4436 | D:5      | Entered Level 5 of the Dungeon
  4970 | D:5      | Reached XP level 7. HP: 31/50 MP: 7/7
  5442 | D:5      | Reached skill level 5 in Armour
  5608 | D:5      | Noticed a two-headed ogre
  5618 | D:5      | Slain by a two-headed ogre

Illustrated notes

Levels and vault maps discovered:
D:1:      dpeg_arrival_windows_large_door, layout_loops_ring, serial_shops, shop
D:2:      layout_loops_cross
D:3:      layout_basic, bloody_makhleb, serial_glass, glass_columns_b,
          glass_columns_b, nicolae_grassy_gnolls
D:4:      layout_loops_ring, tso_metal_star, minmay_temple_entry_mist,
          minmay_box_of_dots
D:5:      layout_gridville
Temple:   nicolae_temple_slightly_damp_pantheon

Skill      XL: |  1  2  3  4  5  6  7 |
---------------+----------------------+-----
Staves         | 4 5 6 |  6.0
Armour         | 1 4 5 |  5.0
Fighting       | |  2.6
Throwing       | |  2.0
Dodging        | |  2.6

Action                   |  1- 3 |  4- 6 |  7- 9 || total
-------------------------+-------+-------+-------++-------
Melee: Quarterstaff      |    83 |   186 |    19 ||   288
       Punch             |       |       |     1 ||     1
 Abil: Shaft Self        |       |       |     1 ||     1
  Use: Scroll            |     2 |     7 |       ||     9
       Potion            |       |     1 |       ||     1
 Stab: Sleeping          |       |     3 |       ||     3
Armor: Leather armour    |    15 |     8 |       ||    23
       Scale mail        |       |    60 |     2 ||    62
Dodge: Dodged            |    60 |   108 |    11 ||   179
